[Event "Team 45 45 League T54"]
[Site "Internet Chess Club"]
[Date "2012.09.09"]
[Round "4"]
[White "rdmuhcu"]
[Black "hidemitsu"]
[Result "1/2-1/2"]
[WhiteElo "2283"]
[BlackElo "2212"]
[Opening "Trompowsky attack (Ruth, Opocenský opening)"]
[ECO "A45"]
[Time "09:05:14"]
[TimeControl "2700+45"]

1. d4 Nf6 2. Bg5 Ne4 3. Bf4 c5 4. f3 Qa5+ 5. c3 Nf6 6. Nd2 cxd4 7. Nb3 Qb6 8.
Qxd4 Qxd4 9. cxd4 e6 10. Rc1 Nc6 11. e4 d5 12. e5 Nd7 13. Bb5 a5 14. Bxc6 bxc6
15. Rxc6 a4 16. Nd2 Ba6 17. Ne2 Bb4 18. Kf2 Ke7 19. Bg5+ f6 20. exf6+ gxf6 21.
Be3 Bb5 22. Rcc1 Bd6 23. Rhe1 Rhc8 24. Nc3 Bc6 25. Rc2 Nb6 26. Rec1 Bd7 27. Ne2
Rab8 28. Bf4 e5 29. Be3 Bf5 30. Rxc8 Nxc8 31. dxe5 fxe5 32. Nc3 Rxb2 33. Nxd5+
Kf7 34. g4 Be6 35. Nc3 a3 36. Kg3 Be7 37. Nde4 Nd6 38. Nxd6+ Bxd6 39. Ne4 Be7
40. Rc7 Ke8 41. Bc5 Bxc5 42. Rxc5 Rxa2 43. Rxe5 Kd7 44. Ra5 Kd8 45. Kf4 Ra1 46.
Ke5 Bb3 47. Nc3 a2 48. Kf4 Rc1 49. Nxa2 Rc2 50. Ra8+ Ke7 51. Ra7+ Kf6 52. Rxh7
Rxa2 53. Rh6+ Kg7 54. Rh5 Bd1 55. Kg3 Ra3 56. Rf5 Bc2 57. Rf4 Rc3 58. h4 Bb3 59.
h5 Bf7 60. Rf5 Be6 61. Rg5+ Kf6 62. Rg6+ Kf7 63. g5 Rc5 64. Rf6+ Ke7 65. f4 Rc3+
66. Kf2 Rc5 67. Ke3 Rc3+ 68. Kd4 Rc4+ 69. Kd3 Ra4 70. h6 Ra3+ 71. Kc2 Ra2+ 72.
Kc3 Ra3+ 73. Kb4 Rb3+ 74. Kc5 Rd3 75. h7 Rd5+ 76. Kc4 Rd8+ 77. Kc3 Rh8 78. Rh6
Bf5 79. Kd4 Rxh7 80. Rf6 Rf7 81. Ke5 Bb1 82. Rxf7+ Kxf7 83. f5 Bxf5 84. Kxf5 Kg7
85. g6 Kg8 86. Kf6 Kf8 87. Kf5 Kg7 88. Kg5 Kg8 {Game drawn by mutual agreement}
1/2-1/2

[Event "Team 45 45 League T54"]
[Site "Internet Chess Club"]
[Date "2012.09.16"]
[Round "4"]
[White "parpin"]
[Black "SlimeDog2"]
[Result "1-0"]
[WhiteElo "1996"]
[BlackElo "2139"]
[Opening "Giuoco Piano"]
[ECO "C54"]
[Time "02:10:58"]
[TimeControl "2700+45"]

1. e4 e5 2. Nf3 Nc6 3. Bc4 Bc5 4. c3 Nf6 5. d4 exd4 6. e5 d5 7. Bb5 Ne4 8. cxd4
Bb6 9. h3 O-O 10. Nc3 f6 11. O-O fxe5 12. Bxc6 bxc6 13. Nxe5 Ba6 14. Nxe4 dxe4
15. Qb3+ Qd5 16. Rd1 Qxb3 17. axb3 Bb5 18. Be3 Rad8 19. b4 Rd5 20. b3 Rfd8 21.
Rdc1 Rxd4 22. Bxd4 Bxd4 23. Rd1 Be2 24. Rxd4 Rxd4 25. Rxa7 h5 26. Nxc6 Rd1+ 27.
Kh2 Rd2 28. Rxc7 Bd1 29. b5 Rxf2 30. b6 Bf3 31. Kg3 Rxg2+ 32. Kf4 g5+ 33. Ke5
{Black resigns} 1-0

[Event "Team 45 45 League T54"]
[Site "Internet Chess Club"]
[Date "2012.09.09"]
[Round "4"]
[White "Matusalen"]
[Black "QueensCounselor"]
[Result "1-0"]
[WhiteElo "2159"]
[BlackElo "2085"]
[Opening "Catalan: closed, 5.Nf3"]
[ECO "E06"]
[Time "10:00:36"]
[TimeControl "2700+45"]

1. Nf3 d5 2. d4 Nf6 3. c4 e6 4. g3 Be7 5. Bg2 O-O 6. O-O dxc4 7. Ne5 c5 8. dxc5
Bxc5 9. Nc3 Qe7 10. Bg5 h6 11. Bxf6 Qxf6 12. Nxc4 Nc6 13. Bxc6 bxc6 14. Ne4 Qe7
15. Ne5 Qc7 16. Nxc5 Qxe5 17. Qc2 Rb8 18. b3 Rd8 19. Rfd1 Rd5 20. Rac1 Qd6 21.
e4 Rxd1+ 22. Rxd1 Qc7 23. Qd2 f6 24. Qd8+ Qxd8 25. Rxd8+ Kf7 26. e5 f5 27. Rd6
Rb5 {Black resigns} 1-0

[Event "Team 45 45 League T54"]
[Site "Internet Chess Club"]
[Date "2012.09.08"]
[Round "4"]
[White "daniguti"]
[Black "eurander"]
[Result "0-1"]
[WhiteElo "1872"]
[BlackElo "2116"]
[Opening "Caro-Kann: Panov-Botvinnik attack"]
[ECO "B13"]
[Time "12:00:40"]
[TimeControl "2700+45"]

1. e4 c6 2. d4 d5 3. exd5 cxd5 4. c4 Nf6 5. Nc3 Nc6 6. Nf3 Bg4 7. cxd5 Nxd5 8.
Be2 e6 9. O-O Be7 10. a3 O-O 11. Re1 Rc8 12. Nxd5 Qxd5 13. Be3 Bf6 14. Rc1 Ne7
15. Qa4 a6 16. Rc5 Qd6 17. Rec1 Rcd8 18. h3 Bf5 19. Rc7 Qb6 20. Bg5 Bxg5 21.
Nxg5 Nc6 22. R7xc6 bxc6 23. Qxc6 Qxb2 24. Bxa6 Rd6 {White resigns} 0-1

[Event "Team 45 45 League T54"]
[Site "Internet Chess Club"]
[Date "2012.09.09"]
[Round "4"]
[White "chiiwen"]
[Black "Uwak"]
[Result "0-1"]
[WhiteElo "2182"]
[BlackElo "2485"]
[Opening "Sicilian: Taimanov variation"]
[ECO "B45"]
[Time "10:15:42"]
[TimeControl "2700+45"]

1. e4 c5 2. Nc3 e6 3. Nf3 Nc6 4. d4 cxd4 5. Nxd4 Nf6 6. Nxc6 bxc6 7. Bd3 d5 8.
O-O Qc7 9. Qe2 Be7 10. b3 O-O 11. Bb2 Bb7 12. Rae1 Rfe8 13. f4 Rad8 14. Kh1 g6
15. e5 Nd7 16. Na4 c5 17. c4 d4 18. Bc1 Bh4 19. Rd1 f5 20. Kg1 Kh8 21. g3 Be7
22. Kf2 Rg8 23. Rg1 g5 24. Rde1 Rg6 25. Qh5 g4 26. h3 Kg7 27. Bxf5 exf5 28. Qxf5
Rf8 29. Qc2 Nxe5 {White resigns} 0-1

[Event "Team 45 45 League T54"]
[Site "Internet Chess Club"]
[Date "2012.09.10"]
[Round "4"]
[White "searchforbobby1"]
[Black "MassCarnage"]
[Result "1/2-1/2"]
[WhiteElo "2147"]
[BlackElo "2069"]
[Opening "Sicilian: Alapin's variation (2.c3)"]
[ECO "B22"]
[Time "20:01:09"]
[TimeControl "2700+45"]

1. e4 c5 2. c3 d5 3. exd5 Qxd5 4. d4 cxd4 5. Nf3 Nc6 6. cxd4 Bg4 7. Nc3 Qh5 8.
Be2 Nf6 9. Qb3 O-O-O 10. O-O e6 11. Bf4 Bd6 12. Bxd6 Rxd6 13. Nb5 Rd5 14. Rac1
Kb8 15. Rxc6 bxc6 16. Nc3+ Ka8 17. Nxd5 Qxd5 18. Bc4 Qd6 19. Ne5 Bh5 20. Qa4 Rc8
21. Ba6 Rc7 22. Rc1 c5 23. Bb5 cxd4 24. Rxc7 Qxc7 25. Bc6+ Kb8 26. Qxd4 Nd5 27.
g4 f6 28. Bxd5 exd5 29. Qb4+ Kc8 30. Qf8+ Kb7 31. Qb4+ Kc8 32. Qf8+ Kb7 33. Qb4+
Kc8 {Game drawn by repetition} 1/2-1/2

[Event "Team 45 45 League T54"]
[Site "Internet Chess Club"]
[Date "2012.09.10"]
[Round "4"]
[White "MassDestroyer"]
[Black "Burning-Bush"]
[Result "0-1"]
[WhiteElo "1750"]
[BlackElo "1977"]
[Opening "Pirc: Austrian attack"]
[ECO "B09"]
[Time "22:26:40"]
[TimeControl "2700+45"]

1. e4 d6 2. d4 Nf6 3. Nc3 g6 4. f4 Bg7 5. Be3 Ng4 6. Qd2 Nxe3 7. Qxe3 O-O 8.
O-O-O c6 9. Nf3 b5 10. Bd3 Qa5 11. Kb1 b4 12. Ne2 Nd7 13. h4 Nf6 14. c4 bxc3 15.
Nxc3 Rb8 16. Qd2 Nh5 17. Ka1 Qb4 18. e5 Nxf4 19. a3 Qb3 20. Bb1 Nh5 21. Ba2 Qb7
22. exd6 exd6 23. Ne4 d5 24. Nc5 Qb5 25. a4 Qb4 26. Qxb4 Rxb4 27. Ne5 Bxe5 28.
dxe5 Re8 29. Rc1 Bf5 30. Na6 Rb6 31. Nc7 Rxe5 32. a5 Rb4 33. Rxc6 d4 {White
resigns} 0-1

[Event "Team 45 45 League T54"]
[Site "Internet Chess Club"]
[Date "2012.09.09"]
[Round "4"]
[White "PandorasBox"]
[Black "barbak"]
[Result "1/2-1/2"]
[WhiteElo "1891"]
[BlackElo "1915"]
[Opening "English opening"]
[ECO "A13"]
[Time "17:12:32"]
[TimeControl "2700+45"]

1. c4 e6 2. g3 d5 3. Bg2 c5 4. cxd5 exd5 5. d3 Nf6 6. Nf3 Be7 7. O-O Nc6 8. Nc3
O-O 9. Bd2 Bg4 10. a3 Qd7 11. Re1 Rad8 12. Rc1 Rfe8 13. Qa4 b6 14. Bg5 d4 15.
Bxf6 Bxf6 16. Ne4 Be7 17. Ned2 Bf8 18. h3 Be6 19. b4 Ne5 20. Qxd7 Nxf3+ 21. Nxf3
Bxd7 22. Rb1 Bc6 23. b5 Bd5 24. Nd2 Bxg2 25. Kxg2 Re6 26. Nc4 Rde8 27. Rb2 f5
28. a4 Be7 29. Ra2 Bd8 30. Kf3 Rf8 31. Kg2 f4 32. Nd2 Bc7 33. g4 h5 34. f3 Rff6
35. Ne4 Rh6 36. g5 Rhg6 37. h4 Kf7 38. Rc1 Re5 39. a5 Rge6 40. axb6 axb6 41. Ra7
Re7 42. Kh3 R5e6 43. Rca1 Be5 44. Ra8 Re8 45. R1a7+ R6e7 46. Rxe8 Kxe8 47. Ra8+
Kf7 48. Kg2 Re8 49. Ra6 Bc7 50. Kf2 Ke6 51. Nxc5+ Kd5 52. Nb3 Re7 53. Ra4 Be5
54. Ra8 Rd7 55. Rc8 Ke6 56. Nd2 Bc7 57. Rh8 Rd5 58. Rc8 Rd7 59. Nc4 Kd5 60. Rh8
Kc5 61. Rxh5 Kxb5 62. g6+ Kc6 63. Rf5 b5 64. Nd2 Rd5 65. Rf7 Be5 66. h5 Rd8 67.
Re7 Kd6 68. Rb7 Kc6 69. Rf7 Rh8 70. Rf5 Kd5 71. Rg5 Ke6 72. Ke1 Rc8 73. Kd1 Rc7
74. Rg1 Rc8 75. Ne4 Rh8 76. Rh1 Rc8 77. Kd2 b4 78. Rb1 Rh8 79. Rxb4 Rxh5 80.
Rb6+ Kf5 81. Nf2 Bf6 82. Ne4 Be5 83. Nf2 Bf6 84. Ng4 Bd8 85. Ra6 Be7 86. Kc2 Bb4
87. Kb3 Bc3 88. Kc4 Rh8 89. Rc6 Re8 90. Rc5+ Kxg6 91. Re5 Ra8 92. Kd5 Ra2 93.
Re4 Kf5 94. Re5+ Kg6 95. Re7 Kf5 96. Re5+ Kg6 {Game drawn by repetition} 1/2-1/2

[Event "Team 45 45 League T54"]
[Site "Internet Chess Club"]
[Date "2012.09.09"]
[Round "4"]
[White "jofer"]
[Black "MikeA"]
[Result "1-0"]
[WhiteElo "2100"]
[BlackElo "2223"]
[Opening "Pirc: Austrian attack, 6.Bd3"]
[ECO "B09"]
[Time "17:08:37"]
[TimeControl "2700+45"]

1. e4 d6 2. d4 Nf6 3. Nc3 g6 4. f4 Bg7 5. Nf3 O-O 6. Bd3 Nc6 7. O-O e5 8. fxe5
dxe5 9. d5 Ne7 10. Bg5 h6 11. Bh4 g5 12. Bg3 Nd7 13. Qd2 Ng6 14. Bc4 Nb6 15. Bb3
Bd7 16. a4 Nc8 17. a5 Nd6 18. Ne1 Qe7 19. Nd3 f5 20. exf5 Bxf5 21. Nc5 e4 22.
Ne6 Bxc3 23. Qxc3 Bxe6 24. dxe6 Nf4 25. Rae1 Rf6 26. Bxf4 gxf4 27. Bd5 Re8 28.
Bxe4 Nxe4 29. Rxe4 Rxe6 30. Rexf4 Re1 31. Qc4+ Kh8 32. Qd4+ Qe5 33. Rxe1 Qxd4+
34. Rxd4 Rxe1+ 35. Kf2 Re7 36. g4 Kg7 37. h4 Kg6 38. Kf3 Rf7+ 39. Rf4 Rd7 40.
Rc4 Rf7+ 41. Kg3 Re7 42. a6 b6 43. Rc6+ Kg7 44. b3 Rd7 45. b4 Re7 46. b5 Rd7 47.
Re6 Rf7 48. h5 Rd7 49. Kf3 Rf7+ 50. Ke4 Rd7 51. Ke5 Rf7 52. Kd5 Rd7+ 53. Kc6
{Black resigns} 1-0

[Event "Team 45 45 League T54"]
[Site "Internet Chess Club"]
[Date "2012.09.07"]
[Round "4"]
[White "StephenHawking"]
[Black "JustinSane"]
[Result "1-0"]
[WhiteElo "2215"]
[BlackElo "2002"]
[Opening "QGD: exchange, positional line, 5...c6"]
[ECO "D35"]
[Time "21:10:28"]
[TimeControl "2700+45"]

1. d4 d5 2. c4 e6 3. Nc3 Nf6 4. cxd5 exd5 5. Bg5 c6 6. e3 Bf5 7. Qf3 Bg6 8. Bxf6
Qxf6 9. Qxf6 gxf6 10. Nge2 Nd7 11. h4 Bd6 12. g3 a5 13. Bh3 a4 14. Nf4 Bxf4 15.
gxf4 Nb6 16. Bg4 Nc4 17. h5 Be4 18. Nxe4 dxe4 19. Rb1 Rg8 20. Bh3 Ra5 21. Bf1
Nd6 22. Be2 Ke7 23. Rc1 a3 24. b3 Kd7 25. Kf1 b6 26. Rg1 Rxg1+ 27. Kxg1 h6 28.
Kh2 c5 29. d5 Ke7 30. Rg1 Kf8 31. Kg2 Ra8 32. Rc1 Rc8 33. Bg4 Rc7 34. Kf1 Ke7
35. Ke1 f5 36. Be2 Rc8 37. Kf1 Ne8 38. Bb5 Nf6 39. Bc6 Kd6 40. Rc4 Nxd5 41. Bxd5
Kxd5 42. Ra4 Kc6 43. Ra7 Rc7 44. Ra8 Rd7 45. Ke2 Kb7 46. Re8 Rd3 47. Re7+ Ka6
48. Rxf7 Kb5 49. Ra7 Kb4 50. Ra4+ Kc3 51. Rxa3 Rd2+ 52. Ke1 Rb2 53. Ra6 b5 54.
Ra5 Kb4 55. Ra6 Rb1+ 56. Kd2 Rf1 57. Ke2 Ra1 58. Kd2 Rf1 59. Ke2 Ra1 60. f3 Rh1
61. fxe4 fxe4 62. Rxh6 Rh2+ 63. Ke1 Rxa2 64. Rb6 Ra3 65. Re6 Kxb3 66. Re5 Kb4
67. Rxe4+ c4 68. f5 Ra1+ 69. Ke2 Rh1 70. f6 Rh2+ 71. Kf1 Rh1+ 72. Ke2 Rh2+ 73.
Kf3 Rxh5 74. f7 Rf5+ 75. Rf4 Rxf7 76. Rxf7 Kc3 77. Ke2 b4 78. Kd1 Kb2 79. Rf2+
Kb1 80. Rf4 {Black resigns} 1-0

[Event "Team 45 45 League T54"]
[Site "Internet Chess Club"]
[Date "2012.09.06"]
[Round "4"]
[White "Killian"]
[Black "SanchoPanzaGuy"]
[Result "1/2-1/2"]
[WhiteElo "2012"]
[BlackElo "2240"]
[Opening "French: Tarrasch, open variation"]
[ECO "C07"]
[Time "15:00:05"]
[TimeControl "2700+45"]

1. e4 e6 2. d4 d5 3. Nd2 c5 4. exd5 Qxd5 5. Ngf3 cxd4 6. Bc4 Qd6 7. Nb3 Qb4+ 8.
Nfd2 Nc6 9. O-O Nf6 10. a3 Qb6 11. Nf3 Be7 12. Nfxd4 Nxd4 13. Qxd4 Qxd4 14. Nxd4
a6 15. Re1 b5 16. Bd3 Bb7 17. Bg5 Rd8 18. Nb3 O-O 19. Rad1 Rd5 20. Be3 Rfd8 21.
Be2 e5 22. Bf3 Rxd1 23. Bxd1 Nd7 24. Bg4 g6 25. Rd1 f5 26. Be2 Be4 27. Rd2 Kf7
28. f3 Ba8 29. Kf1 Nf6 30. Rxd8 Bxd8 31. c4 bxc4 32. Bxc4+ Bd5 33. Nd2 Bxc4+ 34.
Nxc4 Ke6 35. Ke2 Kd5 36. Nd2 Bc7 37. h3 e4 38. fxe4+ Nxe4 39. Kd3 Ng3 40. b3 Nh5
41. Nc4 f4 42. Bb6 Bb8 43. Bf2 f3 44. Ne3+ Ke5 45. g3 Ke6 46. Nf1 Bd6 47. b4 Kd5
48. Ke3 Be7 49. Kxf3 Kc4 {Game drawn by mutual agreement} 1/2-1/2

[Event "Team 45 45 League T54"]
[Site "Internet Chess Club"]
[Date "2012.09.09"]
[Round "4"]
[White "chess9793"]
[Black "universe"]
[Result "0-1"]
[WhiteElo "2143"]
[BlackElo "2185"]
[Opening "French: Tarrasch, closed variation, main line"]
[ECO "C06"]
[Time "17:06:36"]
[TimeControl "2700+45"]

1. e4 e6 2. d4 d5 3. Nd2 Nf6 4. e5 Nfd7 5. Bd3 c5 6. c3 Nc6 7. Ne2 cxd4 8. cxd4
f6 9. exf6 Nxf6 10. O-O Bd6 11. Nf3 Qc7 12. Bg5 O-O 13. Rc1 Bd7 14. Re1 Rae8 15.
Bb1 Qb6 16. Nc3 Ng4 17. h3 Nxf2 18. Kxf2 Nxd4 19. Be3 Qxb2+ 20. Ne2 Nxf3 21.
gxf3 Qf6 22. Qd4 Qxf3+ 23. Kg1 Qxh3 24. Nf4 Qg3+ 25. Kh1 Bxf4 26. Re2 Qf3+ 27.
Kg1 Qxe2 28. Bxf4 Qg4+ 29. Kh1 Qxf4 30. Qxf4 Rxf4 31. Kg2 Rc8 32. Rh1 g6 33. Kg3
e5 34. Re1 Rc3+ 35. Kg2 Bh3+ 36. Kg1 Rf1+ 37. Rxf1 Bxf1 38. Bxg6 hxg6 39. Kxf1
Ra3 40. Ke2 g5 41. Kd2 g4 42. Kc2 g3 43. Kb2 Rxa2+ 44. Kxa2 g2 45. Kb3 g1=Q 46.
Kb4 Qb6+ 47. Ka4 e4 {White resigns} 0-1

[Event "Team 45 45 League T54"]
[Site "Internet Chess Club"]
[Date "2012.09.08"]
[Round "4"]
[White "Campagnolo"]
[Black "Cryptochess"]
[Result "1/2-1/2"]
[WhiteElo "2089"]
[BlackElo "2083"]
[Opening "Queen's Indian: old main line, 6.O-O"]
[ECO "E17"]
[Time "21:08:05"]
[TimeControl "2700+45"]

1. Nf3 Nf6 2. c4 e6 3. g3 b6 4. Bg2 Bb7 5. O-O Be7 6. d4 O-O 7. d5 exd5 8. Nh4
c6 9. cxd5 Nxd5 10. Nf5 Bc5 11. e4 Nc7 12. Bf4 d5 13. Qg4 Ne8 14. exd5 cxd5 15.
Nc3 Nd7 16. Bg5 Ne5 17. Bxd8 Nxg4 18. Be7 Bxe7 {Game drawn by mutual agreement}
1/2-1/2

[Event "Team 45 45 League T54"]
[Site "Internet Chess Club"]
[Date "2012.09.09"]
[Round "4"]
[White "Legal"]
[Black "TerryMalloy"]
[Result "1/2-1/2"]
[WhiteElo "1993"]
[BlackElo "1991"]
[Opening "Petrov: French attack"]
[ECO "C42"]
[Time "09:08:43"]
[TimeControl "2700+45"]

1. e4 e5 2. Nf3 Nf6 3. Nxe5 d6 4. Nf3 Nxe4 5. d3 Nf6 6. d4 d5 7. Bd3 Bd6 8. Qe2+
Qe7 9. Qxe7+ Kxe7 10. O-O Re8 11. Bg5 Nd7 12. Nbd2 Kf8 13. Rfe1 h6 14. Rxe8+
Nxe8 15. Bh4 g5 16. Bg3 Bxg3 17. hxg3 Nd6 18. Re1 Nf6 19. Ne5 Bf5 20. Bxf5 Nxf5
21. c3 Re8 22. g4 Nd6 23. f3 Re7 24. Kf2 Nd7 25. Nxd7+ Rxd7 26. Nf1 Re7 27. Rd1
f5 28. Ne3 fxg4 29. Nxg4 Kg7 30. Ne5 Nf7 31. Nd3 Kf6 32. Rh1 c6 33. g4 Kg6 34.
a4 Kg7 35. a5 a6 36. Ra1 Nd6 37. b3 Nb5 38. Rc1 Kf6 39. Ne5 Kg7 40. Ke2 Nd6 41.
Kd3 Nf7 42. Re1 Kf6 43. Rh1 Nxe5+ 44. dxe5+ Kxe5 45. Rxh6 Kf4 46. Rf6+ Kg3 47.
Rf5 Kf2 48. Rxg5 Kxf3 49. Rg8 Kf4 50. g5 Kf5 51. Kd4 Rd7 52. g6 Kf6 53. b4 Re7
54. g7 Kf7 55. Rb8 Kxg7 56. Kc5 Kf6 57. Kb6 Ke5 58. Rxb7 Re6 59. Kxa6 c5+ 60.
Rb6 cxb4 61. Rxe6+ Kxe6 62. cxb4 d4 63. Kb7 d3 64. a6 d2 65. a7 d1=Q 66. a8=Q
{Game drawn by mutual agreement} 1/2-1/2

[Event "Team 45 45 League T54"]
[Site "Internet Chess Club"]
[Date "2012.09.09"]
[Round "4"]
[White "otherook"]
[Black "justice02"]
[Result "1-0"]
[WhiteElo "1769"]
[BlackElo "1694"]
[Opening "English opening"]
[ECO "A10"]
[Time "15:32:35"]
[TimeControl "2700+45"]

1. c4 d5 2. cxd5 Qxd5 3. Nc3 Qd8 4. Nf3 Nf6 5. g3 Nbd7 6. Bg2 e5 7. O-O c6 8. d4
exd4 9. Nxd4 Ne5 10. Nf3 Nxf3+ 11. Bxf3 Bh3 12. Bg2 Bxg2 13. Kxg2 Qb6 14. Qc2
Be7 15. Be3 Qb4 16. a3 Qc4 17. b3 Qg4 18. h3 Qe6 19. Na4 Nd5 20. Bc5 Bf6 21.
Rad1 b6 22. Bd4 O-O 23. Bxf6 Qxf6 24. e4 Qg6 25. Rd2 Ne7 26. Rfd1 c5 27. Rd6 Qg5
28. f4 Qh5 29. g4 Qh4 30. Qf2 Qxf2+ 31. Kxf2 Rfc8 32. Rd7 Nc6 33. Rb7 Nd4 34. b4
Ne6 35. bxc5 bxc5 36. Rdd7 c4 37. Rxf7 c3 38. f5 c2 39. fxe6 c1=Q 40. Rxg7+ Kh8
41. Rxh7+ Kg8 42. Rbg7+ Kf8 43. Rf7+ Kg8 44. Rfg7+ Kf8 45. e7+ Ke8 46. Rg8+ Kd7
47. e8=Q+ Kd6 48. Rg6# {Black checkmated} 1-0

[Event "Team 45 45 League T54"]
[Site "Internet Chess Club"]
[Date "2012.09.12"]
[Round "4"]
[White "RD1974"]
[Black "crazyhorses"]
[Result "0-1"]
[WhiteElo "1622"]
[BlackElo "1483"]
[Opening "Sicilian: closed, 2...Nc6"]
[ECO "B23"]
[Time "17:00:31"]
[TimeControl "2700+45"]

1. e4 c5 2. Nc3 Nc6 3. d3 d6 4. Nf3 g6 5. Be3 Bg7 6. h3 Nf6 7. Qd2 O-O 8. Bh6
Qb6 9. Bxg7 Kxg7 10. Rb1 Bd7 11. Ne2 e5 12. c3 Rfe8 13. g4 Rad8 14. Ng3 Qa5 15.
a3 b5 16. Qg5 b4 17. Nf5+ Bxf5 18. gxf5 bxc3 19. bxc3 Qxc3+ 20. Nd2 Nd4 21. Bg2
Nh5 22. fxg6 hxg6 23. O-O Nf4 24. Nc4 Qxd3 25. Ne3 Nxg2 26. Kxg2 Qxe4+ 27. f3
Qf4 28. Qxf4 exf4 29. Nd5 Re2+ 30. Kh1 g5 31. Nc3 Rc2 32. Ne4 Kg6 33. Rf2 Rxf2
34. Nxf2 Nxf3 35. Kg2 Ne5 36. Ne4 c4 37. Rb7 d5 38. Nd2 Rd7 39. Rb5 Kf5 40. Rc5
g4 41. hxg4+ Kxg4 42. Rc8 f3+ 43. Kg1 d4 44. Rg8+ Kf4 45. Rh8 c3 46. Nb3 c2 47.
Nc1 d3 48. Kf2 Ng4+ 49. Kf1 d2 {White resigns} 0-1

[Event "Team 45 45 League T54"]
[Site "Internet Chess Club"]
[Date "2012.09.09"]
[Round "4"]
[White "Whalen"]
[Black "KevinTaylor"]
[Result "1-0"]
[WhiteElo "1692"]
[BlackElo "1541"]
[Opening "QGD: exchange, positional line"]
[ECO "D35"]
[Time "11:00:35"]
[TimeControl "2700+45"]

1. d4 e6 2. c4 d5 3. Nc3 Nf6 4. cxd5 exd5 5. Bg5 Be7 6. e3 c6 7. Bd3 O-O 8. Nf3
Bg4 9. Qb3 Qc7 10. Ne5 Bh5 11. Rc1 a6 12. Bxf6 gxf6 13. Nxd5 Qa5+ 14. Nc3 fxe5
15. Qxb7 exd4 16. exd4 Nd7 17. Qxd7 Qg5 18. O-O Bf3 19. Qh3 Bh5 20. Rce1 f5 21.
Rxe7 Qxe7 22. Qxh5 a5 23. Bxf5 Qf7 24. Qxf7+ Rxf7 25. Be6 Rd8 26. Rd1 c5 27.
dxc5 Rxd1+ 28. Nxd1 Kf8 29. Bxf7 Kxf7 30. f4 Ke7 31. g4 Kd7 32. f5 Kc6 33. f6
{Black resigns} 1-0

[Event "Team 45 45 League T54"]
[Site "Internet Chess Club"]
[Date "2012.09.08"]
[Round "4"]
[White "palm47"]
[Black "ElmerHo"]
[Result "1-0"]
[WhiteElo "1461"]
[BlackElo "1477"]
[Opening "Petrov: modern attack, Symmetrical variation"]
[ECO "C43"]
[Time "21:00:29"]
[TimeControl "2700+45"]

1. e4 e5 2. Nf3 Nf6 3. d4 Nxe4 4. Bd3 d5 5. Nxe5 Nd7 6. Qe2 Nxe5 7. Bxe4 dxe4 8.
Qxe4 Be6 9. dxe5 Bd5 10. Qg4 Qe7 11. Qg3 Qe6 12. Nc3 Bb4 13. Bd2 Bxc3 14. Bxc3
O-O-O 15. a3 g6 16. O-O-O Qc6 17. e6 fxe6 18. Bxh8 Rxh8 19. Qe5 Rd8 20. Qf6 Qc4
21. b3 Qc5 22. Kb2 Qf8 23. Qxf8 Rxf8 24. f3 Rd8 25. c4 Bc6 26. Rxd8+ Kxd8 27.
Rd1+ Ke7 28. Kc3 a5 29. b4 axb4+ 30. axb4 b5 31. cxb5 Bxb5 32. Kd4 Kf6 33. Kc5
c6 34. Rd6 Ke7 35. Rxc6 Bxc6 36. Kxc6 {Black resigns} 1-0

[Event "Team 45 45 League T54"]
[Site "Internet Chess Club"]
[Date "2012.09.09"]
[Round "4"]
[White "almond123"]
[Black "iletrado"]
[Result "0-1"]
[WhiteElo "1419"]
[BlackElo "1782"]
[Opening "Pirc: classical system, 5.Be2"]
[ECO "B08"]
[Time "19:00:30"]
[TimeControl "2700+45"]

1. e4 d6 2. d4 Nf6 3. Nc3 g6 4. Nf3 Bg7 5. Be2 c6 6. O-O O-O 7. h3 b5 8. a3 a6
9. Be3 Qc7 10. Qd2 Rd8 11. Rad1 e6 12. Bf4 Bb7 13. e5 dxe5 14. Bxe5 Qe7 15. Bf4
Nbd7 16. Bg5 Qf8 17. Qe3 Nb6 18. Ne5 Nfd5 19. Nxd5 Nxd5 20. Qf3 f6 21. Nxg6 hxg6
22. Bd2 Bh6 23. Qg3 Qg7 24. Bxh6 Qxh6 25. Bd3 Nf4 26. Be4 Ne2+ {White resigns}
0-1

[Event "Team 45 45 League T54"]
[Site "Internet Chess Club"]
[Date "2012.09.09"]
[Round "4"]
[White "calily"]
[Black "lionking819"]
[Result "1-0"]
[WhiteElo "1618"]
[BlackElo "1468"]
[Opening "Réti: King's Indian attack"]
[ECO "A05"]
[Time "00:03:11"]
[TimeControl "2700+45"]

1. Nf3 Nf6 2. g3 g6 3. Bg2 Bg7 4. d4 O-O 5. c4 e6 6. Nc3 d5 7. b3 Re8 8. O-O Nc6
9. Bb2 Bd7 10. Rc1 Rc8 11. Qc2 Ne7 12. Ne5 c5 13. dxc5 Rxc5 14. Nxd7 Qxd7 15.
Na4 Rc7 16. Qd3 Rd8 17. Be5 Rcc8 18. c5 Nf5 19. Qc3 Qe7 20. h3 d4 21. Qb4 b6 22.
Qb5 Nd7 23. Bxg7 Kxg7 24. cxb6 axb6 25. g4 Nd6 26. Qd3 e5 27. Bc6 Nc5 28. Nxc5
Rxc6 29. Ne4 Rdc8 30. Nxd6 Qxd6 31. Qd2 Qa3 32. Rxc6 Rxc6 33. f4 Qd6 34. f5 Rc3
35. f6+ Kg8 36. Qh6 Qf8 37. Qxf8+ Kxf8 38. Kg2 Rc2 39. Kf2 Rxa2 40. Rc1 Ra8 41.
Rc7 Re8 42. Rb7 h6 43. Rxb6 Re6 44. Rb8+ Re8 45. Rxe8+ Kxe8 46. Kf3 Kd7 47. h4
Kd6 48. Ke4 Ke6 49. g5 hxg5 50. hxg5 Kd6 51. e3 dxe3 52. Kxe3 Kd5 53. Kd3 e4+
54. Ke3 Ke5 55. b4 Kd5 56. b5 Kc5 57. Kxe4 Kxb5 58. Kd5 Kb6 59. Kd6 Kb7 60. Ke7
Kc7 61. Kxf7 Kd7 62. Kg7 Ke6 63. Kxg6 {Black resigns} 1-0

[Event "Team 45 45 League T54"]
[Site "Internet Chess Club"]
[Date "2012.09.09"]
[Round "4"]
[White "chess-fan"]
[Black "isolani"]
[Result "0-1"]
[WhiteElo "1678"]
[BlackElo "1684"]
[Opening "Pirc: Ufimtsev-Pytel variation"]
[ECO "B07"]
[Time "19:30:14"]
[TimeControl "2700+45"]

1. e4 d6 2. d4 Nf6 3. Nc3 c6 4. h3 Nbd7 5. Nf3 Qc7 6. Bd3 e5 7. Be3 Be7 8. Qd2
O-O 9. O-O-O b5 10. g4 b4 11. Nb1 a5 12. Rdg1 exd4 13. Nxd4 Nc5 14. f3 Nxd3+ 15.
Qxd3 Ba6 16. Qd2 Nd7 17. h4 Ne5 18. f4 Nc4 19. Qf2 c5 20. Nf5 Bf6 21. b3 Bb2+
22. Kd1 Nxe3+ 23. Nxe3 Bd4 24. Qd2 Bb7 25. Qd3 Rfe8 26. Nd2 d5 27. Re1 dxe4 28.
Qe2 Rad8 29. Nec4 e3 30. Nf3 Bxf3 31. Qxf3 Bc3+ 32. Kc1 Bxe1 33. Rxe1 e2 34. Ne3
Qd6 35. Rxe2 Qd4 36. Kb1 Re4 37. Qf2 Rde8 {White resigns} 0-1

[Event "Team 45 45 League T54"]
[Site "Internet Chess Club"]
[Date "2012.09.07"]
[Round "4"]
[White "PANAMA-REY"]
[Black "ilovechess"]
[Result "1-0"]
[WhiteElo "1426"]
[BlackElo "1440"]
[Opening "two knights defense: Fegatello attack"]
[ECO "C57"]
[Time "19:00:43"]
[TimeControl "2700+45"]

1. e4 e5 2. Nf3 Nc6 3. Bc4 Nf6 4. Ng5 d5 5. exd5 Nxd5 6. Nxf7 Kxf7 7. Qf3+ Ke6
8. Nc3 Nb4 9. O-O Nxc2 10. Bxd5+ Kd6 11. Rb1 c6 12. Be4 Nd4 13. Qd3 g6 14. f4
Bg7 15. fxe5+ Bxe5 16. Ne2 Qb6 17. Kh1 Kc7 18. b3 Bf5 19. Bxf5 Nxf5 20. Nf4 Rad8
21. Ne6+ Kc8 22. Nxd8 Rxd8 23. Qh3 Kb8 24. d3 Rf8 25. Ba3 Rf7 26. Rbe1 Bd6 27.
Bxd6+ Nxd6 28. Rxf7 Nxf7 29. Qg3+ Kc8 30. Re8+ Nd8 31. Qg4+ Kc7 32. Re7+ Kb8 33.
Qd7 Qa5 34. Re8 a6 35. Qxd8+ Qxd8 36. Rxd8+ Kc7 37. Rh8 h5 38. Kg1 Kd6 39. Kf2
Ke5 40. Ke3 g5 41. h3 h4 42. Rg8 Kf5 43. Rf8+ Kg6 44. Kf3 Kh5 45. Rh8+ Kg6 46.
Kg4 b6 47. Rg8+ Kh7 48. Rxg5 Kh6 49. Kxh4 a5 50. Re5 b5 51. Kg4 Kh7 52. Re6 Kh8
53. Rxc6 b4 54. Rc7 a4 55. bxa4 b3 56. axb3 Kg8 57. a5 Kh8 58. a6 Kg8 59. a7 Kh8
60. a8=Q# {Black checkmated} 1-0

[Event "Team 45 45 League T54"]
[Site "Internet Chess Club"]
[Date "2012.09.06"]
[Round "4"]
[White "LazyPeon"]
[Black "ScotchYeti"]
[Result "1-0"]
[WhiteElo "1731"]
[BlackElo "1645"]
[Opening "Old Benoni defense"]
[ECO "A46"]
[Time "16:17:09"]
[TimeControl "2700+45"]

1. Nf3 Nf6 2. d4 c5 3. d5 g6 4. Nc3 Bg7 5. e4 d6 6. h3 Nbd7 7. Be2 O-O 8. O-O b6
9. Bf4 Bb7 10. a4 h6 11. Nd2 Ne8 12. Nc4 Nc7 13. Qd2 Kh7 14. Be3 Ne5 15. f4 Nxc4
16. Bxc4 Ba6 17. Bxa6 Nxa6 18. Rae1 Qd7 19. e5 Qf5 20. g4 Qd7 21. Qd3 Nb4 22.
Qe4 f5 23. exf6 Bxf6 24. f5 gxf5 25. Rxf5 Kg7 26. Bxh6+ Kxh6 27. Rh5+ {Black
resigns} 1-0